 Dungeon Crawl Stone Soup version 0.27-a0-808-g60bc5d92e6 (webtiles) character file.

Game seed: 314206792177656368

1297 harryhousin the Shield-Bearer (level 8, -3/67 HPs)
             Began as a Gnoll Fighter on Mar 28, 2021.
             Was an Initiate of Gozag.
             Slain by an orc priest
             ... wielding a +0 hand axe
              (4 damage)
             ... on level 5 of the Dungeon.
             The game lasted 00:22:42 (7080 turns).

harryhousin the Shield-Bearer (Gnoll Fighter)       Turns: 7080, Time: 00:22:44

Health: -3/67      AC:  9    Str: 23    XL:     8   Next: 56%
Magic:  13/13      EV:  9    Int:  9    God:    Gozag
Gold:   216        SH: 11    Dex: 11    Spells: 12/13 levels left

rFire    . . .     SeeInvis .   a - +0 war axe
rCold    . . .     Faith    .   c - +0 kite shield
rNeg     . . .     Spirit   .   b - +0 scale mail
rPois    .         Reflect  .   (no helmet)
rElec    .         Harm     .   (no cloak)
rCorr    .         Rampage  .   v - +0 pair of gloves
Will     .....                  (no boots)
Stlth    +.........             (no amulet)
HPRegen  0.21/turn              u - +6 ring of strength
MPRegen  0.13/turn              (no ring)

@: gold aura
A: fangs 1, strong nose, distributed training
a: Renounce Religion, Potion Petition, Call Merchant, Bribe Branch


You were on level 5 of the Dungeon.
You worshipped Gozag.
Gozag was aware of your devotion.
You visited 1 branch of the dungeon, and saw 5 of its levels.
You also visited: Ossuary.

You collected 246 gold pieces.
You paid 30 gold pieces to Gozag.

Inventory:

Hand Weapons
 a - a +0 war axe (weapon)
Armour
 b - a +0 scale mail (worn)
 c - a +0 kite shield (worn)
 v - a +0 pair of gloves (worn)
Jewellery
 u - a +6 ring of strength (left hand)
 x - an amulet of regeneration
Wands
 m - a wand of digging (6)
Scrolls
 e - a scroll of amnesia {unknown}
 g - 2 scrolls of identify
 i - a scroll of brand weapon {unknown}
 k - 5 scrolls of teleportation {unknown}
 o - a scroll of fear {unknown}
 q - a scroll of immolation {unknown}
 w - a scroll of fog {unknown}
Potions
 d - 3 potions of might
 f - 5 potions of flight
 h - 2 potions of invisibility
 j - 2 potions of brilliance
 l - 2 potions of attraction {unknown}
 n - a potion of lignification {unknown}
 p - a potion of magic {unknown}
 r - a potion of ambrosia {unknown}
 s - a potion of heal wounds {unknown}
 t - a potion of curing


   Skills:
 + Level 7.4 Fighting
 + Level 3.3 Short Blades
 + Level 3.3 Long Blades
 + Level 5.7 Axes
 + Level 3.3 Maces & Flails
 + Level 3.3 Polearms
 + Level 3.3 Staves
 + Level 3.3 Slings
 + Level 3.3 Bows
 + Level 3.3 Crossbows
 + Level 3.3 Throwing
 + Level 7.4 Armour
 + Level 3.3 Dodging
 + Level 3.3 Stealth
 + Level 7.4 Shields
 + Level 3.3 Unarmed Combat
 + Level 3.3 Spellcasting
 + Level 2.7 Conjurations
 + Level 2.7 Hexes
 + Level 2.7 Summonings
 + Level 2.7 Necromancy
 + Level 2.7 Translocations
 + Level 2.7 Transmutations
 + Level 2.7 Fire Magic
 + Level 2.7 Ice Magic
 + Level 2.7 Air Magic
 + Level 2.7 Earth Magic
 + Level 2.7 Poison Magic
 + Level 3.7 Invocations
 + Level 3.3 Evocations


You had 12 spell levels left.
You knew the following spells:

 Your Spells              Type           Power      Damage    Failure   Level
a - Shock                 Conj/Air       24%        1d4       50%         1

Your spell library contained the following spells:

 Spells                   Type           Power      Damage    Failure   Level
 Animate Skeleton         Necr           12%        N/A       50%         1
 Apportation              Tloc           12%        N/A       50%         1
 Corona                   Hex            6%         N/A       50%         1
 Foxfire                  Conj/Fire      24%        2x1d5     50%         1
 Summon Small Mammal      Summ           24%        N/A       50%         1
 Conjure Flame            Conj/Fire      6%         6-21      86%         3
 Inner Flame              Hex/Fire       6%         N/A       86%         3
 Sticky Flame             Conj/Fire      6%         2d3       99%         4
 Fireball                 Conj/Fire      3%         3d4       100%        5


Dungeon Overview and Level Annotations

Branches:
Dungeon (5/15)            Ossuary (visited)
 Temple: D:4-7

Altars:
Cheibriados
Dithmenos
Elyvilon
Gozag
Hepliaklqana
Makhleb
Trog
Vehumet
Wu Jian
The Shining One

Annotations:
D:5 Dowan, Duvessa, Prince Ribbit


Innate Abilities, Weirdness & Mutations

You have very sharp teeth.
Your uncanny sense of smell can sniff out nearby items.
Your experience applies equally to all skills.


Message History

You closely miss the orc priest.
The orc priest is moderately wounded.
You hit the orc priest but do no damage.
You block the orc priest's attack.
The orc priest hits you but does no damage.
You slash the orc priest!
You kill the orc priest!
You hit the orc priest. The orc priest barely misses you.
Prince Ribbit lets out a mournful croak.
Prince Ribbit hits you.
You completely miss Prince Ribbit. You bite Prince Ribbit.
Prince Ribbit is lightly wounded.
You hit the orc priest but do no damage.
Prince Ribbit blinks!
The orc priest hits you with a +0 hand axe.
The orc priest hits you but does no damage.
You slash the orc!
You kill the orc!
You hit Prince Ribbit. You barely miss the orc priest. Prince Ribbit hits you!
The orc priest hits you but does no damage.
Prince Ribbit hits you! The orc priest closely misses you.
Prince Ribbit hits you.
Things that are here:
12 gold pieces; a +0 club; a +0 dagger You hit Prince Ribbit.
Your bite misses Prince Ribbit.
Prince Ribbit is moderately wounded.
You completely miss the orc priest. Prince Ribbit hits you!
* * * LOW HITPOINT WARNING * * *
The orc priest becomes distracted by the nearby gold, dreaming of imaginary riches.
Prince Ribbit hits you!
* * * LOW HITPOINT WARNING * * *
The orc priest shouts!
Unknown command.
You closely miss the orc priest.
The orc priest is no longer distracted by gold.
The orc priest is lightly wounded.
You closely miss Prince Ribbit.
Prince Ribbit blinks!
The orc priest hits you with a +0 hand axe.
You die...
Your body crumbles into a pile of gold.

..##..##..............##
#.###................##
#.).##.#.............#
###[.........##.....[#
.#............#..#####
...#..........##.#
..............##.##
####..........##o.#
####...........§@.#
..............###..F....
####..........# ##.###.
.###..........# ∆#
..............#
..##..........#
#..#####..###### ##.###
#.......#
##....##.##.##..


You could see Prince Ribbit and an orc priest.

Vanquished Creatures
  A water moccasin (D:4)
  9 scorpions
  A centaur zombie (Ossuary)
  3 orc priests
  A bullfrog skeleton (D:5)
  2 hounds
  5 human zombies (Ossuary)
  A gnoll shaman (D:5)
  2 iguanas
  Natasha (twice) (D:3)
  An orc wizard (D:4)
  4 mummies
  8 gnolls
  8 adders
  4 scorpion zombies (Ossuary)
  2 dart slugs
  11 orcs
  2 bats
  8 endoplasms
  4 giant cockroaches
  3 goblins
  7 hobgoblins
  3 jackals (D:4)
  7 quokkas
  5 ball pythons
  3 frilled lizards
  2 goblin zombies (Ossuary)
  2 hobgoblin zombies (Ossuary)
  3 kobold zombies (Ossuary)
  An orc zombie (Ossuary)
  6 rats
121 creatures vanquished.

Vanquished Creatures (others)
  A scorpion (Ossuary)
1 creature vanquished.

Grand Total: 122 creatures vanquished

Notes
Turn   | Place    | Note
-------+----------+-------------------------------------------
     0 | D:1      | harryhousin the Gnoll Fighter began the quest for the Orb.
     0 | D:1      | Reached XP level 1. HP: 23/23 MP: 1/1
   414 | D:1      | Reached XP level 2. HP: 28/29 MP: 2/2
  1023 | D:2      | Reached XP level 3. HP: 35/35 MP: 3/3
  1166 | D:2      | Found a bloodstained altar of Trog.
  1181 | D:2      | Reached skill level 1 in Invocations
  1575 | D:2      | Reached skill level 1 in Short Blades
  1575 | D:2      | Reached skill level 1 in Long Blades
  1575 | D:2      | Reached skill level 1 in Maces & Flails
  1575 | D:2      | Reached skill level 1 in Polearms
  1575 | D:2      | Reached skill level 1 in Staves
  1575 | D:2      | Reached skill level 1 in Slings
  1575 | D:2      | Reached skill level 1 in Bows
  1575 | D:2      | Reached skill level 1 in Crossbows
  1575 | D:2      | Reached skill level 1 in Throwing
  1575 | D:2      | Reached skill level 1 in Dodging
  1575 | D:2      | Reached skill level 1 in Stealth
  1575 | D:2      | Reached skill level 1 in Unarmed Combat
  1575 | D:2      | Reached skill level 1 in Spellcasting
  1575 | D:2      | Reached skill level 1 in Evocations
  1725 | D:2      | Reached XP level 4. HP: 41/41 MP: 5/5
  1860 | D:2      | Found a hazy altar of Hepliaklqana.
  2083 | D:3      | Reached skill level 1 in Conjurations
  2083 | D:3      | Reached skill level 1 in Hexes
  2083 | D:3      | Reached skill level 1 in Summonings
  2083 | D:3      | Reached skill level 1 in Necromancy
  2083 | D:3      | Reached skill level 1 in Translocations
  2083 | D:3      | Reached skill level 1 in Transmutations
  2083 | D:3      | Reached skill level 1 in Fire Magic
  2083 | D:3      | Reached skill level 1 in Ice Magic
  2083 | D:3      | Reached skill level 1 in Air Magic
  2083 | D:3      | Reached skill level 1 in Earth Magic
  2083 | D:3      | Reached skill level 1 in Poison Magic
  2314 | D:3      | Found a shadowy altar of Dithmenos.
  2314 | D:3      | Found a glowing golden altar of the Shining One.
  2314 | D:3      | Found an ornate altar of the Wu Jian Council.
  2417 | D:3      | Reached XP level 5. HP: 13/47 MP: 5/7
  2725 | D:3      | Found a faded altar of an unknown god.
  2733 | D:3      | Became a worshipper of Vehumet
  2733 | D:3      | Reached * piety under Vehumet
  2733 | D:3      | Offered knowledge of Shock by Vehumet.
  2905 | D:3      | Noticed Natasha
  2906 | D:3      | Found a white marble altar of Elyvilon.
  2912 | D:3      | Killed Natasha
  3192 | D:3      | Noticed Natasha
  3200 | D:3      | Killed Natasha
  3371 | D:4      | HP: 2/47 [orc wizard/+0 dagger (3)]
  3377 | D:4      | Reached XP level 6. HP: 4/53 MP: 8/8
  3516 | D:4      | Found a sand-covered staircase.
  3526 | Ossuary  | Entered an ossuary
  3708 | Ossuary  | Reached skill level 5 in Axes
  4025 | Ossuary  | Reached XP level 7. HP: 48/59 MP: 10/10
  4300 | Ossuary  | HP: 3/60 [poisoned by a scorpion]
  4317 | Ossuary  | Learned a level 1 spell: Shock
  4478 | Ossuary  | Reached ** piety under Vehumet
  4478 | Ossuary  | Offered knowledge of Magic Dart by Vehumet.
  5022 | Ossuary  | Reached XP level 8. HP: 56/67 MP: 12/12
  5194 | D:4      | Found a snail-covered altar of Cheibriados.
  5710 | D:4      | Found a burning altar of Makhleb.
  6026 | D:4      | Found an opulent altar of Gozag.
  6037 | D:4      | Fell from the grace of Vehumet
  6037 | D:4      | Became a worshipper of Gozag Ym Sagoz the Greedy
  6332 | D:5      | Entered Level 5 of the Dungeon
  6332 | D:5      | Noticed Dowan
  6335 | D:5      | Noticed Duvessa
  7070 | D:5      | Noticed Prince Ribbit
  7079 | D:5      | HP: 1/67 [Prince Ribbit (13)]
  7080 | D:5      | Slain by an orc priest

Illustrated notes

Levels and vault maps discovered:
D:1:      dpeg_arrival_long_road, layout_basic, minmay_misc_feat_encased
D:2:      layout_basic, nzn_hepliaklqana_mist_gate, serial_glass,
          glass_columns_c, glass_columns_a, trog_book
D:3:      layout_basic, gammafunk_temple_overflow_claw, serial_glass,
          glass_columns_c, glass_columns_c, glass_columns_c, glass_columns_a,
          glass_columns_a, glass_columns_a, glass_columns_b, glass_columns_a,
          chequers_ecumenical_altar_simple_redux, lemuel_tele_altar,
          uniq_natasha
D:4:      layout_loops_corners, lemuel_doored_altar,
          nicolae_overflow_crystal_walls, bloody_makhleb,
          gup_ossuary_entry_pyramid
D:5:      layout_rooms, lemuel_round_altar, uniq_prince_ribbit1, uniq_ijyb,
          uniq_duvessa

Skill      XL: |  1  2  3  4  5  6  7  8 |
---------------+-------------------------+-----
Invocations    | 1 2 3 |  3.7
Short Blades   | 1 2 3 |  3.3
Long Blades    | 1 2 3 |  3.3
Maces & Flails | 1 2 3 |  3.3
Polearms       | 1 2 3 |  3.3
Staves         | 1 2 3 |  3.3
Slings         | 1 2 3 |  3.3
Bows           | 1 2 3 |  3.3
Crossbows      | 1 2 3 |  3.3
Throwing       | 1 2 3 |  3.3
Dodging        | 1 2 3 |  3.3
Stealth        | 1 2 3 |  3.3
Unarmed Combat | 1 2 3 |  3.3
Spellcasting   | 1 2 3 |  3.3
Evocations     | 1 2 3 |  3.3
Conjurations   | 1 2 |  2.7
Hexes          | 1 2 |  2.7
Summonings     | 1 2 |  2.7
Necromancy     | 1 2 |  2.7
Translocations | 1 2 |  2.7
Transmutations | 1 2 |  2.7
Fire Magic     | 1 2 |  2.7
Ice Magic      | 1 2 |  2.7
Air Magic      | 1 2 |  2.7
Earth Magic    | 1 2 |  2.7
Poison Magic   | 1 2 |  2.7
Axes           | 5 |  5.7
Fighting       | 7 |  7.4
Armour         | 7 |  7.4
Shields        | 7 |  7.4

Action                   |  1- 3 |  4- 6 |  7- 9 || total
-------------------------+-------+-------+-------++-------
Melee: War axe           |    82 |   146 |   233 ||   461
       Bite              |     6 |    11 |    26 ||    43
  Use: Potion            |       |     1 |     1 ||     2
       Scroll            |       |       |     3 ||     3
Armor: Scale mail        |    35 |    55 |    85 ||   175
Dodge: Dodged            |    19 |    46 |    71 ||   136
Block: Kite shield       |    36 |    80 |   122 ||   238

Table legend: (Time is in decaauts)
 A = Elapsed time spent in this place.
 B = Non-inter-level travel time spent in this place.
 C = Inter-level travel time spent in this place.
 D = Time resting spent in this place.
 E = Time spent auto-exploring this place.
 F = Levels seen in this place.
 G = Mean time per level.
                   A        B        C        D        E       F      G
               +--------+--------+--------+--------+--------+-----+--------+
         Total |   7273 |   7170 |    103 |   2246 |   2617 |   6 | 1212.2 |
       Dungeon |   5595 |   5492 |    103 |   1268 |   2588 |   5 | 1119.0 |
       Ossuary |   1678 |   1678 |      0 |    978 |     29 |   1 | 1678.0 |
               +--------+--------+--------+--------+--------+-----+--------+

Top non-repeatable levels by time:
     D:4: 1735 daAuts
 Ossuary: 1678 daAuts
     D:3: 1303 daAuts
     D:2: 1076 daAuts
     D:1: 1026 daAuts
     D:5: 454 daAuts
